 Dungeon Crawl Stone Soup version 0.30-a0-165-g1891117ce2 (webtiles) character file.

Game seed: 14073731077827366522

5556 ragingrage the Grappler (level 10, -10/93 (94) HPs)
             Began as a Troll Fighter on Sept 28, 2022.
             Was a Follower of Ru.
             Mangled by Erolcha
             ... wielding a +0 giant club
              (40 damage)
             ... on level 9 of the Dungeon.
             The game lasted 00:09:45 (7070 turns).

ragingrage the Grappler (Troll Fighter)             Turns: 7070, Time: 00:09:46

HP:   -10/93 (94)   AC:  5    Str: 30    XL:     10   Next: 44%
MP:   0/9           EV:  8    Int:  4    God:    Ru [*.....]
Gold: 180           SH:  8    Dex:  9    Spells: 9/9 levels left

rFire   . . .      SeeInvis .      - Unarmed
rCold   . . .      Faith    .    b - +0 kite shield
rNeg    . . .      Spirit   +    a - +0 robe
rPois   .          Reflect  .    (helmet restricted)
rElec   .          Harm     .    H - +0 cloak
rCorr   .          Rampage  .    (gloves unavailable)
Will    +....                    (boots unavailable)
Stlth   +.........               G - amulet of guardian spirit
HPRegen 1.05/turn                f - ring of willpower
MPRegen 0.11/turn                (no ring)

@: mighty, brilliant, attractive, flying, lightly drained
A: large, unfitting armour, claws 3, regeneration 1, shaggy fur 1, tough skin 1,
inability to train dodging
a: Renounce Religion


You were on level 9 of the Dungeon.
You worshipped Ru.
Ru was aware of your devotion.
You visited 2 branches of the dungeon, and saw 12 of its levels.

You collected 524 gold pieces.
You spent 344 gold pieces at shops.

Inventory:

Hand Weapons
 E - a +2 flail of protection
Missiles
 n - 4 throwing nets
 u - 3 boomerangs (quivered)
 J - 4 poisoned darts
Armour
 a - a +0 robe (worn)
 b - a +0 kite shield (worn)
 H - a +0 cloak (worn)
Jewellery
 f - a ring of willpower (left claw)
 l - a ring of fire
 G - an amulet of guardian spirit (around neck)
Wands
 v - a wand of flame (57)
 x - a wand of light (8)
 y - a wand of charming (10)
 B - a wand of mindburst (9)
Scrolls
 e - 2 scrolls of silence
 h - a scroll of vulnerability {unknown}
 i - 2 scrolls of blinking
 m - 3 scrolls of magic mapping
 o - 5 scrolls of teleportation
 q - a scroll of noise
 r - 2 scrolls of identify
 s - 2 scrolls of brand weapon
 t - 3 scrolls of fog
 z - a scroll of poison
 D - 2 scrolls of enchant armour {unknown}
 I - a scroll of fear {unknown}
Potions
 c - 2 potions of might
 d - 2 potions of heal wounds
 g - 2 potions of mutation
 k - 5 potions of curing
 w - 2 potions of haste
 A - 2 potions of magic
 F - 2 potions of resistance
 K - a potion of invisibility
Miscellaneous
 L - a condenser vane


   Skills:
 + Level 4.5 Fighting
 + Level 3.6 Throwing
 - Level 3.0 Armour
 + Level 4.8 Shields
 * Level 13.0 Unarmed Combat


You had 9 spell levels left.
You didn't know any spells.
Your spell library contained the following spells:

 Spells                   Type           Power      Damage    Failure   Level
 Inner Flame              Hex/Fire       0%         N/A       98%         3
 Cause Fear               Hex            0%         N/A       100%        4
 Discord                  Hex            0%         N/A       100%        8


Dungeon Overview and Level Annotations

Branches:
Dungeon (11/15)            Temple (1/1) D:7
   Lair: D:8-11         Orc: D:9-12

Altars:
Ashenzari
Cheibriados
Dithmenos
Elyvilon
Fedhas
Gozag
Hepliaklqana
Kikubaaqudgha
Nemelex Xobeh
Okawaru
Qazlal
Ru
Sif Muna
Trog
Uskayaw
Wu Jian
Xom
Yredelemnul
Zin
The Shining One
Lugonu

Shops:
D:5 [=[(*   D:7 [   D:9 !(

Portals:
Abyss: D:4

Annotations:
D:3 exclusion: downstairs
D:4 2 runed translucent doors
D:5 3 runed translucent doors, Darkkill's ghost, novice DrBr
D:8 Erica
D:9 exclusion: upstairs, Erolcha


Innate Abilities, Weirdness & Mutations

You are too large for most types of armour.
You have claws for hands.
Your natural rate of healing is unusually fast.
You are covered in fur. (AC +1)
You have tough skin. (AC +1)
You cannot train Dodging skill.


Message History

You swing at nothing.
You swing at nothing.
Items here: ))) [[[.
Erolcha the Cunning comes into view.
She is wielding a +0 giant club.
Erolcha shouts!
Erolcha casts a spell at you. You resist with almost no effort.
Erolcha is nearby!
Erolcha is nearby!
Erolcha gestures at you while chanting.
The fireball explodes!
The fireball engulfs you!!
Erolcha casts a spell.
Erolcha flickers and vanishes!
Deactivating autopickup; reactivate with Ctrl-A.
Unknown command.
Unknown command.
Items here: ))) [[[.
There is a stone staircase leading down here.
There is a stone staircase leading down here.
You claw something! Something hits you!
You closely miss something. You miss something. Something hits you!
You claw something! Something hits you!!
You closely miss something. You closely miss something. Something hits you!
It was a potion of flight.
You feel very buoyant.
You fly up into the air.
It was a potion of brilliance.
You feel clever all of a sudden. Something hits you!!
* * * LOW HITPOINT WARNING * * *
You feel very mighty all of a sudden.
It was a potion of attraction.
You feel attractive to monsters. Something hits you!!
* * * LOW HITPOINT WARNING * * *
You feel much better.
You mangle something!! Something hits you!!!
You die...

##..####.## #.#
#########...####.#
#.#
#................#
#.#
#.########.#####.#
#.# #.# #.# #.#
#.# #.# #.#####.#
#.# #.###
##.#.....# #.#
#...#####..#.#####
#.# #.#.......##@#
#.# #.##'''''###{#
##.######
#.#..#.#(.##.#
#...)....
###..###..##.#
#..###### ####
#####.########..##
#.......)....#
##########.#.#
#...# ### ###.#
#..


There were no monsters in sight!

Vanquished Creatures
  Harold (D:9)
  A kobold demonologist (D:9)
  An unseen horror skeleton (D:9)
  A hornet (D:7)
  6 yaks (D:8)
  2 wraiths (D:5)
  An unseen horror simulacrum (D:9)
  3 vampire mosquitoes (D:10)
  Menkaure (D:4)
  A water moccasin (D:5)
  An acid dragon (D:6)
  An orc warrior (D:9)
  A sky beast (D:7)
  2 ice beasts
  3 centaurs
  A phantom (D:5)
  A gnoll sergeant (D:7)
  2 scorpions (D:5)
  3 wights (D:9)
  11 killer bees (D:9)
  2 howler monkeys
  2 jellies
  A centaur zombie (D:9)
  3 hounds
  A gnoll bouda (D:7)
  An iron imp (D:4)
  A centaur skeleton (D:9)
  Ijyb (D:5)
  4 iguanas (D:5)
  7 gnolls (D:7)
  A howler monkey skeleton (D:9)
  5 adders
  A shadow imp (D:6)
  2 white imps
  2 ufetubi
  3 worms
  A dart slug (D:1)
  23 orcs
  5 ball pythons
  10 bats
  7 endoplasms
  3 giant cockroaches
  8 goblins
  6 hobgoblins
  2 jackals (D:1)
  8 kobolds
  3 quokkas
  3 frilled lizards
  12 rats
172 creatures vanquished.

Vanquished Creatures (others)
  A plant (D:4)
1 creature vanquished.

Grand Total: 173 creatures vanquished

Notes
Turn   | Place    | Note
-------+----------+-------------------------------------------
     0 | D:1      | ragingrage the Troll Fighter began the quest for the Orb.
     0 | D:1      | Reached XP level 1. HP: 22/22 MP: 0/0
     6 | D:1      | Noticed a polar bear
     6 | D:1      | Noticed a water moccasin
     6 | D:1      | Noticed a swamp drake
     7 | D:1      | Noticed a snapping turtle
    94 | D:1      | Reached XP level 2. HP: 29/29 MP: 1/1
   374 | D:1      | Reached skill level 3 in Unarmed Combat
   541 | D:1      | Reached XP level 3. HP: 35/36 MP: 2/2
   888 | D:2      | Identified the +2 leather armour of the Moon {Fly rF- Str+8
                  | SInv}
  1000 | D:2      | Found a broken altar of Ashenzari.
  1497 | D:3      | Reached skill level 4 in Unarmed Combat
  1498 | D:3      | Reached XP level 4. HP: 40/44 MP: 3/3
  1964 | D:4      | Noticed Menkaure
  2112 | D:4      | Reached skill level 5 in Unarmed Combat
  2113 | D:4      | Reached XP level 5. HP: 48/50 MP: 4/4
  2400 | D:5      | Entered Level 5 of the Dungeon
  2401 | D:5      | Found a runed translucent gate.
  2401 | D:5      | Found a runed translucent gate.
  2403 | D:5      | Noticed a centaur
  2418 | D:5      | Found a runed translucent gate.
  2419 | D:5      | Found Oxzinkodgh's Assorted Antiques.
  2420 | D:5      | Noticed a yak
  2422 | D:5      | Noticed Darkkill's ghost (novice DrBr)
  2429 | D:5      | Bought a crooked silver wand for 116 gold pieces
  2439 | D:5      | Found Asyn's Weapon Emporium.
  2468 | D:5      | Reached skill level 6 in Unarmed Combat
  2499 | D:5      | Reached XP level 6. HP: 39/59 MP: 5/5
  2514 | D:5      | Noticed a wraith
  2538 | D:5      | Found Ydogioz's Jewellery Boutique.
  2554 | D:5      | Noticed a water moccasin
  2557 | D:5      | Reached skill level 7 in Unarmed Combat
  2600 | D:5      | Noticed a wraith
  2609 | D:5      | Killed a wraith
  2610 | D:5      | Reached XP level 7. HP: 45/66 MP: 6/6
  2697 | D:5      | Found Odiasm's Armour Shop.
  2708 | D:5      | Reached skill level 8 in Unarmed Combat
  2736 | D:5      | Found an opulent altar of Gozag.
  2777 | D:5      | Found Ifaofeuph's Armour Boutique.
  2839 | D:5      | Killed a wraith
  2840 | D:5      | Reached skill level 9 in Unarmed Combat
  2908 | D:5      | Found a bloodstained altar of Trog.
  2958 | D:5      | Noticed Ijyb
  2968 | D:5      | Killed Ijyb
  3099 | D:6      | Reached XP level 8. HP: 61/74 MP: 7/7
  3280 | D:6      | Found an ornate altar of the Wu Jian Council.
  3633 | D:6      | Reached skill level 10 in Unarmed Combat
  3761 | D:6      | Found a white marble altar of Elyvilon.
  3761 | D:6      | Found a shimmering blue altar of Sif Muna.
  3810 | D:5      | Bought a jewelled brass wand for 116 gold pieces
  3944 | D:4      | Killed Menkaure
  4031 | D:4      | Found a one-way gate to the infinite horrors of the Abyss.
  4085 | D:4      | Found a large runed translucent door.
  4086 | D:4      | Found a large runed translucent door.
  4162 | D:4      | Found a snail-covered altar of Cheibriados.
  4264 | D:4      | Found a corrupted altar of Lugonu.
  4294 | D:4      | Found a glowing golden altar of the Shining One.
  4850 | D:7      | Reached skill level 11 in Unarmed Combat
  4964 | D:7      | Noticed a hornet
  4969 | D:7      | Paralysed by a hornet for 2 turns
  4973 | D:7      | Killed a hornet
  5118 | D:7      | Found Paleaklu's Armour Shoppe.
  5238 | D:7      | Reached XP level 9. HP: 80/80 MP: 8/8
  5332 | D:7      | Found a staircase to the Ecumenical Temple.
  5439 | Temple   | Entered the Ecumenical Temple
  5542 | Temple   | Became a worshipper of Ru the Awakened
  5565 | D:7      | Reached skill level 1 in Throwing
  5833 | D:8      | Found a glowing silver altar of Zin.
  5854 | D:8      | Reached skill level 1 in Armour
  5863 | D:8      | Reached skill level 12 in Unarmed Combat
  5916 | D:8      | You fall into a shaft and drop 2 floors!
  5916 | D:10     | Entered Level 10 of the Dungeon
  6199 | D:10     | Found a basalt altar of Yredelemnul.
  6257 | D:8      | Noticed Erica
  6385 | D:9      | Reached XP level 10. HP: 92/92 MP: 9/9
  6400 | D:9      | Noticed a sun demon
  6414 | D:9      | Noticed Harold
  6428 | D:9      | Killed Harold
  6479 | D:9      | Found Jimyset's Distillery.
  6487 | D:9      | Bought a potion of invisibility for 112 gold pieces
  6760 | D:9      | Found Miplido's Weapon Boutique.
  6849 | D:9      | Gained mutation: You cannot train Dodging skill. [Ru
                  | sacrifice]
  6849 | D:9      | Reached * piety under Ru
  6965 | D:9      | Reached skill level 13 in Unarmed Combat
  7015 | D:9      | Noticed Erolcha
  7070 | D:9      | Mangled by Erolcha

Illustrated notes

Levels and vault maps discovered:
D:1:      onia_arrival_zoo_common, layout_basic
D:2:      layout_loops_ring, basic_altar
D:3:      layout_rooms
D:4:      due_chaos_kobolds, layout_gridville, tso_oasis_becter,
          chei_slow_surprise, hex_tiny, uniq_menkaure
D:5:      layout_rooms, lemuel_doored_altar, grunt_gozag_breadcrumbs,
          gammafunk_ghost_split, serial_shops, shop, nicolae_stop_n_shop_2,
          nicolae_lakefront_shop, nicolae_shop_waterfront, shop,
          minmay_divided_ellipse, uniq_ijyb
D:6:      layout_loops_corners, gammafunk_temple_overflow_wave,
          nzn_wu_jian_contemplation
D:7:      layout_loops_ring, minmay_temple_entry_glass, serial_shops,
          nicolae_shop_hallway_plus, hangedman_decor_growths
D:8:      nzn_winding_woodlands_cross [nzn_winding_woodlands_5x15_pool,
          nzn_winding_woodlands_5x15_eye, nzn_winding_woodlands_5x15_concentric,
          nzn_winding_woodlands_5x15_lazy_stream,
          nzn_winding_woodlands_15x15_five_gardens], layout_loops_ring,
          nicolae_overflow_crystal_walls, lair_entry_dummy, uniq_erica
D:9:      layout_loops_ring, serial_shops, shop_statue, nicolae_shop_crystal,
          hangedman_weighted_door, uniq_harold, uniq_erolcha
D:10:     layout_big_octagon, kennysheep_mini_moat,
          grunt_temple_overflow_lords_of_destruction, erik_orc_1, serial_glass,
          glass_columns_a, glass_columns_a, minmay_liquid_box
D:11:     layout_small_grid
Temple:   nicolae_temple_bog_church

Skill      XL: |  1  2  3  4  5  6  7  8  9 10 |
---------------+-------------------------------+-----
Unarmed Combat | 3 4 5 6 7 9 11 12 13 | 13.0
Shields        | 4 |  4.8
Throwing       | 2 3 |  3.6
Armour         | 2 3 |  3.0
Dodging        | 3 0 |  0.0
Fighting       | 3 4 |  4.5

Action                   |  1- 3 |  4- 6 |  7- 9 | 10-12 || total
-------------------------+-------+-------+-------+-------++-------
Melee: Unarmed           |   100 |   102 |   227 |    63 ||   492
Throw: Boomerang         |       |       |     8 |     1 ||     9
       Dart              |       |       |     1 |     4 ||     5
Invok: Sacrifice Nimblen |       |       |       |     1 ||     1
Evoke: Wand              |       |     4 |       |     1 ||     5
  Use: Scroll            |       |     5 |     8 |       ||    13
       Potion            |       |     2 |       |     5 ||     7
Armor: Robe              |    20 |    26 |    24 |    20 ||    90
Dodge: Dodged            |    30 |    33 |    56 |    22 ||   141
Block: Kite shield       |    43 |    83 |   114 |    26 ||   266
       Reflection        |     2 |     1 |     4 |       ||     7

Table legend: (Time is in decaauts)
 A = Elapsed time spent in this place.
 B = Non-inter-level travel time spent in this place.
 C = Inter-level travel time spent in this place.
 D = Time resting spent in this place.
 E = Time spent auto-exploring this place.
 F = Levels seen in this place.
 G = Mean time per level.
                   A        B        C        D        E       F      G
               +--------+--------+--------+--------+--------+-----+--------+
         Total |   7087 |   6583 |    504 |    904 |   4198 |  12 |  590.6 |
       Dungeon |   6966 |   6497 |    469 |    904 |   4121 |  11 |  633.3 |
        Temple |    121 |     87 |     34 |      0 |     77 |   1 |  121.0 |
               +--------+--------+--------+--------+--------+-----+--------+

Top non-repeatable levels by time:
     D:4: 1040 daAuts
     D:6: 914 daAuts
     D:1: 905 daAuts
     D:7: 860 daAuts
     D:9: 840 daAuts
     D:2: 748 daAuts
     D:5: 717 daAuts
     D:3: 541 daAuts
    D:10: 178 daAuts
  Temple: 121 daAuts
    D:11: 116 daAuts
     D:8: 102 daAuts
